 Dungeon Crawl Stone Soup version 0.19-a0-1260-gc94d3f7 (webtiles) character file.

306407 Amnesiac the Sorcerer (level 19, -2/125 HPs)
             Began as a Deep Elf Wizard on Aug 27, 2016.
             Was an Elder of Sif Muna.
             Killed from afar by a fire giant (47 damage)
             ... with a bolt of fire
             ... on level 5 of the Depths on Aug 28, 2016.
             The game lasted 02:33:04 (51336 turns).

Amnesiac the Sorcerer (Deep Elf Wizard)            Turns: 51336, Time: 02:33:05

Health: -2/125     AC: 12    Str:  5 (6)  XL:     19   Next: 91%
Magic:  16/49      EV: 18    Int: 28      God:    Sif Muna [****..]
Gold:   417        SH: 10    Dex: 11      Spells: 12 memorised, 15 levels left

rFire  . . .     SeeInvis .     q - staff of conjuration
rCold  . . .     Gourm    .     o - +2 robe {Archmagi}
rNeg   + . .     Faith    .     x - +0 buckler {rPois}
rPois  +         Spirit   .     b - +2 hat
rElec  +         Dismiss  .     u - +2 cloak {MR+}
rCorr  +         Reflect  +     l - +0 pair of gloves
MR     +++..     Harm     .     (no boots)
Stlth  ++++......               v - +6 amulet of reflection
                                e - ring "Lymmuiris" {rCorr rElec rN+ MR+ Int-4}
                                k - ring of wizardry

@: deflect missiles, divine energy
A: beak, horns 1, yellow scales 1, blurry vision 1, clumsy 1, deterioration 2,
poison resistance, strong 1, no device heal 1, sturdy frame 1
a: Stop Divine Energy, Channel Magic, Forget Spell, Renounce Religion
}: 3/15 runes: decaying, slimy, gossamer


You were on level 5 of the Depths.
You worshipped Sif Muna.
Sif Muna was greatly pleased with you.
You were not hungry.

You visited 7 branches of the dungeon, and saw 40 of its levels.
You also visited: Trove.

You collected 2444 gold pieces.
You spent 2027 gold pieces at shops.

Inventory:

Armour
 b - a +2 hat (worn)
 l - a +0 pair of gloves (worn)
 o - a +2 robe of the Archmagi (worn)
 u - a +2 cloak of magic resistance (worn)
 x - a +0 buckler of poison resistance (worn)
 X - the -2 hat of the Alchemist {rElec rPois rF+ rC+ rN+ MR+ rMut rCorr}
   (You bought it in a shop on level 2 of the Depths)

   It protects you from fire.
   It protects you from cold.
   It insulates you from electricity.
   It protects you from poison.
   It protects you from negative energy.
   It affects your resistance to hostile enchantments.
   It protects you from acid and corrosion.
   It protects you from mutation.
Magical Staves
 q - an uncursed staff of conjuration (weapon)
Rods
 H - a +6 rod of inaccuracy (11/11)
   (You found it on level 5 of the Pits of Slime)
Jewellery
 e - the ring "Lymmuiris" (right hand) {rCorr rElec rN+ MR+ Int-4}
   (You found it on level 5 of the Pits of Slime)

   [ring of resist corrosion]

   It affects your intelligence (-4).
   It insulates you from electricity.
   It protects you from negative energy.
   It affects your resistance to hostile enchantments.
 h - an uncursed ring of flight
 k - a ring of wizardry (left hand)
 m - an uncursed ring of protection from fire
 v - a +6 amulet of reflection (around neck)
 C - an uncursed ring of protection from fire
 O - an uncursed ring of resist corrosion
 Q - an uncursed ring of see invisible
 R - an uncursed ring of protection from cold
 T - an uncursed amulet of dismissal
 W - an uncursed ring of protection from cold
Wands
 E - a wand of digging (8/24)
 P - a wand of heal wounds (5/9)
 S - a wand of disintegration (11/24)
Scrolls
 f - 2 scrolls of fog
 g - 3 scrolls of identify
 n - 8 scrolls of recharging
 r - 8 scrolls of teleportation
 y - a scroll of enchant weapon
 A - 2 scrolls of fear
 F - 15 scrolls of remove curse
 I - 4 scrolls of magic mapping
 J - a scroll of silence
 K - a scroll of brand weapon
 V - a scroll of enchant armour
 Y - a scroll of blinking
Potions
 j - a potion of invisibility
 p - a potion of haste
 t - a potion of cancellation
 z - 5 potions of agility
 B - 3 potions of ambrosia
 D - 2 potions of brilliance
 G - 7 potions of curing
 L - 2 potions of heal wounds
 U - 3 potions of might
 Z - a potion of flight
Books
 N - a book of Death

   Spells                             Type                      Level
   a - Corpse Rot                     Necromancy                   2
   b - Sublimation of Blood           Necromancy                   2
   c - Agony                          Necromancy                   5
   d - Dispel Undead                  Necromancy                   5
   e - Excruciating Wounds            Charms/Necromancy            5
   f - Bolt of Draining               Conjuration/Necromancy       5
Comestibles
 a - 6 beef jerkies
 c - 8 meat rations
 d - 10 bread rations
 i - 7 royal jellies
 s - 7 slices of pizza
 w - 7 fruits
 M - 7 chunks of flesh


   Skills:
 - Level 16.0 Fighting
 + Level 12.1 Dodging
 - Level 10.2 Stealth
 - Level 4.0 Shields
 - Level 24.0 Spellcasting
 - Level 18.1 Conjurations
 - Level 7.1 Charms
   Level 1.1 Summonings
 - Level 5.0 Necromancy
 - Level 1.1 Translocations
 - Level 9.0 Invocations


You had 15 spell levels left.
You knew the following spells:

 Your Spells              Type           Power        Failure   Level  Hunger
a - Deflect Missiles      Chrm/Air       ######....   14%         6    None
b - Blink                 Tloc           N/A          1%          2    None
c - Apportation           Tloc           ######....   1%          1    None
d - Sublimation of Blood  Necr           #######...   1%          2    None
e - Orb of Destruction    Conj           ########..   1%          7    ##.....
f - Poison Arrow          Conj/Pois      ########..   1%          6    None
g - Dispel Undead         Necr           #######.     1%          5    None
h - Haste                 Chrm           #######.     4%          6    None
i - Swiftness             Chrm/Air       ######..     1%          2    None
r - Regeneration          Chrm/Necr      #######...   1%          3    None
w - Iron Shot             Conj/Erth      ########..   1%          6    None
z - Bolt of Draining      Conj/Necr      ########..   1%          5    None


Dungeon Overview and Level Annotations

Branches:
Dungeon (15/15)            Temple (1/1) D:4            Lair (6/6) D:11
  Swamp (4/4) Lair:2       Spider (4/4) Lair:3        Slime (5/5) Lair:5
    Orc (0/2) D:12         Vaults (0/5) D:14         Depths (5/5) D:15
    Zot: Depths:5

Altars:
Ashenzari
Fedhas
Gozag
Kikubaaqudgha
Makhleb
Qazlal
Sif Muna
Uskayaw
Vehumet
Xom

Shops:
D:4 [*:(!   D:5 %}[:(   D:8 :%}?   Depths:2 [[:

Portals:
Hell: Depths:5
Abyss: Depths:4
Ziggurat: Depths:4

Annotations:
Slime:4 1 exclusion


Innate Abilities, Weirdness & Mutations

You have a beak for a mouth.
You have a pair of small horns on your head.
You are partially covered in yellow scales. (AC +2)
Scrolls take you a little longer to read.
You are clumsy. (Dex -2)
Your body often deteriorates upon taking damage.
Your system is resistant to poisons. (rPois)
Your muscles are strong. (Str +2)
Potions and wands are less effective at restoring your health.
Your movements are slightly less encumbered by armour. (ER -2)


Message History

Press: ? - help, Shift-Dir - straight line, f/p - juggernaut
Aim: a juggernaut (heavily wounded, lightly drained)
You feel a strong surge of power!
You see here a troll hide.
Your orb of destruction dissipates.
Casting: Orb of Destruction
Confirm with . or Enter, or press ? or * to list all spells.
You feel a surge of power!
You blink.
A stone giant comes into view.
Casting: Blink
Confirm with . or Enter, or press ? or * to list all spells.
You feel a surge of power!
You blink.
The stone giant shouts!
You block the stone giant's attack.
Found a potion of degeneration.
Your system partially rejects the healing.
You feel much better.
The fire giant points at you and mumbles some strange words.
The bolt of fire hits you!
You die...

.. ### .#.......# ....#
..!......# #...#.
.........######......
............##......
...................# #
...............#...#####
...............##.....#.
.......@...(...#..≈...#.
.......C......##...≈....
........)!.(......≈≈...≈
..........C..[..[......§
............(.....###...
..........C...#....#....
............§......#....
...........[(...........
........(.##.........


You could see a juggernaut, a fire giant and a stone giant.

Vanquished Creatures
  the Royal Jelly (Slime:5)
  the Lernaean hydra (Swamp:4)
  Rupert (D:14)
  26 acid blobs
  Kirke (Lair:4)
  13 azure jellies
  A tengu reaver (Depths:2)
  A fire giant (Depths:4)
  3 frost giants
  6 emperor scorpions
  6 ghost moths
  A spriggan defender (Depths:4)
  4 stone giants
  5 entropy weavers
  A deep elf annihilator (Depths:4)
  2 ettins
  A spark wasp (Spider:4)
  The ghost of Potsanchik the Spry, a journeyman FeEn of Uskayaw (Spider:2)
  11 death oozes
  4 fire dragons
  A merfolk impaler (Depths:3)
  5 great orbs of eyes
  A yaktaur captain (Depths:4)
  14 hydras
  4 ice dragons
  3 catoblepae (Lair:6)
  A ghost crab (shapeshifter) (Depths:5)
  2 rakshasas (Depths:2)
  6 centaur warriors
  A death knight (D:15)
  2 alligators
  An ogre mage (Depths:2)
  9 deep troll earth magi
  14 death yaks (Lair:6)
  2 vampire magi (Depths:2)
  4 deep troll shamans
  Nergalle (Lair:4)
  Sonja (D:14)
  4 skeletal warriors
  13 spriggans
  An iron troll (Depths:5)
  A flayed ghost (Depths:2)
  13 deep trolls
  2 unseen horrors
  4 spriggan druids
  4 shambling mangroves
  3 giant orange brains
  An orange crystal statue (Depths:1)
  A lindwurm (Lair:6)
  11 swamp dragons
  A phantasmal warrior (D:15)
  3 hill giants
  18 orb spiders
  2 orc knights
  A deep elf mage (D:15)
  34 wolf spiders
  7 shining eyes
  17 ugly things
  A hornet (Spider:1)
  A cyclops (D:11)
  A manticore (D:11)
  24 elephants
  2 moths of wrath
  A centaur zombie (D:15)
  A black mamba (shapeshifter) (Depths:2)
  7 black mambas
  8 spiny frogs
  A gargoyle (D:15)
  2 eyes of devastation
  A torpor snail (Spider:4)
  4 komodo dragons
  A rime drake (Lair:4)
  8 demonic crawlers
  A freezing wraith (D:15)
  A polar bear (Lair:6)
  4 yaktaurs
  37 jumping spiders
  A queen bee (D:8)
  11 trolls
  3 two-headed ogres
  2 giant leeches
  37 blink frogs
  160 slime creatures
  A boulder beetle (D:14)
  6 bog bodies
  2 meliai zombies
  Sigmund (D:6)
  A wraith (D:15)
  2 shadows
  A wyvern (Lair:5)
  32 tarantellas
  2 water elementals (Depths:2)
  60 redbacks
  40 yaks
  2 vampires (D:15)
  4 hogs (Lair:4)
  16 humans
  3 basilisks
  5 golden eyes (Slime:5)
  23 vampire mosquitoes
  2 hungry ghosts
  A hippogriff (shapeshifter) (Depths:2)
  6 hippogriffs
  Menkaure (D:6)
  A mottled dragon (D:12)
  4 insubstantial wisps (Swamp:4)
  11 swamp worms
  12 water moccasins
  2 hell hounds (D:11)
  5 porcupines
  9 swamp drakes
  14 orc warriors
  An ice beast (D:7)
  3 sky beasts
  A phantom (D:11)
  16 wasps
  12 eyes of draining
  4 black bears
  9 ogres
  5 boggarts (Depths:4)
  5 wolves (Lair:4)
  A necrophage (D:9)
  12 crocodiles
  5 centaurs
  4 big kobolds
  Blork the orc (D:4)
  19 giant frogs
  A gnoll sergeant (D:11)
  A scorpion (D:8)
  28 killer bees
  14 wights
  2 electric eels (Lair:2)
  9 howler monkeys
  2 giant frog zombies
  4 crimson imps
  3 jellies
  6 hounds
  4 giant frog skeletons
  A gnoll shaman (D:7)
  9 orc priests
  2 centaur skeletons
  Crazy Yiuf (D:2)
  18 iguanas
  12 orc wizards
  9 worker ants
  A hound zombie (D:9)
  3 hound skeletons
  A howler monkey zombie (D:9)
  22 gnolls
  9 adders
  22 river rats
  5 shadow imps
  3 oozes
  An adder skeleton (D:7)
  An adder zombie (D:9)
  2 worms
  2 dart slugs
  5 giant geckos
  75 orcs
  10 bats
  3 giant cockroaches (D:1)
  35 goblins
  30 hobgoblins
  3 jackals (D:11)
  2 quokkas
  2 ball pythons
  2 giant newts
  A jackal zombie (D:8)
  29 kobolds
  A quokka skeleton (D:8)
  7 rats
  A fungus (Lair:6)
1394 creatures vanquished.

Vanquished Creatures (collateral kills)
  2 killer bees
  An orc priest (D:8)
  3 orcs (D:8)
6 creatures vanquished.

Vanquished Creatures (others)
  A stone giant (Depths:4)
  A deep troll (Depths:5)
  A human (Lair:5)
  A kobold (D:9)
  81 bushes (Depths:2)
  12 fungi
  16 plants
113 creatures vanquished.

Grand Total: 1513 creatures vanquished

Notes
Turn   | Place    | Note
-------+----------+-------------------------------------------
     0 | D:1      | Amnesiac the Deep Elf Wizard began the quest for the Orb.
     0 | D:1      | Reached XP level 1. HP: 10/10 MP: 7/7
   119 | D:2      | Reached XP level 2. HP: 15/15 MP: 1/9
   794 | D:4      | Reached skill level 5 in Spellcasting
   794 | D:4      | Reached XP level 3. HP: 19/19 MP: 1/11
   802 | D:4      | Learned a level 3 spell: Mephitic Cloud
   806 | D:4      | Learned a level 3 spell: Conjure Flame
   809 | D:4      | Learned a level 2 spell: Repel Missiles
   812 | D:4      | Learned a level 2 spell: Blink
   880 | D:4      | Found Malism's Distillery.
   916 | D:4      | Found a deep blue altar of Sif Muna.
   925 | D:4      | Became a worshipper of Sif Muna the Loreminder
   952 | D:4      | Found Asudd's Antique Weapon Boutique.
   960 | D:4      | Noticed Blork the orc
   972 | D:4      | Killed Blork the orc
   972 | D:4      | Reached XP level 4. HP: 24/24 MP: 0/13
  1797 | D:2      | Found a shimmering altar of Xom.
  1834 | D:2      | Reached XP level 5. HP: 28/28 MP: 11/14
  1932 | D:2      | Reached skill level 5 in Conjurations
  1933 | D:2      | Found an ancient bone altar of Kikubaaqudgha.
  2108 | D:2      | Found a runed door.
  2345 | D:2      | Noticed Crazy Yiuf
  2353 | D:2      | Killed Crazy Yiuf
  3145 | D:3      | Reached * piety under Sif Muna
  3496 | D:3      | Reached XP level 6. HP: 29/32 MP: 11/16
  3608 | D:3      | Reached skill level 6 in Spellcasting
  3768 | D:3      | Reached ** piety under Sif Muna
  4375 | D:4      | Found a staircase to the Ecumenical Temple.
  4389 | D:4      | Found Naghokho's Antique Armour Shop.
  4413 | D:4      | Bought an embroidered cloak for 135 gold pieces
  4426 | D:4      | Found Leutot's General Store.
  4432 | D:4      | Bought a scroll of remove curse for 36 gold pieces
  4511 | D:4      | Found Ytittor's Book Emporium.
  4834 | D:5      | Entered Level 5 of the Dungeon
  4875 | D:5      | Found Bymihez's Armour Shop.
  4891 | D:5      | Bought a +0 buckler of poison resistance for 110 gold pieces
  4918 | D:5      | Found Ceycha's Food Shoppe.
  4935 | D:5      | Found Zeys Lorgh's Gadget Shop.
  4975 | D:5      | Found a radiant altar of Vehumet.
  5076 | D:5      | Reached XP level 7. HP: 36/36 MP: 11/18
  5215 | D:5      | Found Cunit's Antique Weapon Emporium.
  5518 | D:5      | Found Doihe's Book Boutique.
  5665 | D:6      | Reached skill level 1 in Shields
  6045 | D:6      | Noticed Sigmund
  6368 | D:6      | Noticed Menkaure
  6374 | D:6      | Killed Menkaure
  6374 | D:6      | Reached skill level 7 in Spellcasting
  6374 | D:6      | Reached XP level 8. HP: 13/41 MP: 12/20
  6408 | D:6      | Killed Sigmund
  6656 | D:6      | Reached *** piety under Sif Muna
  7163 | D:7      | Reached skill level 8 in Spellcasting
  7324 | D:7      | Found an opulent altar of Gozag.
  7610 | D:7      | Reached XP level 9. HP: 39/45 MP: 4/23
  7629 | D:7      | Reached **** piety under Sif Muna
  7667 | D:7      | Reached skill level 9 in Spellcasting
  7818 | D:7      | Reached skill level 10 in Conjurations
  8196 | D:8      | Found Losohuebb's Magic Scroll Emporium.
  8239 | D:8      | Found Magh's Food Emporium.
  8584 | D:4      | Bought a +6 amulet of reflection for 300 gold pieces
  8607 | Temple   | Entered the Ecumenical Temple
  8917 | D:8      | Found a hide-covered altar of Uskayaw.
  8945 | D:8      | Found Soukag's Book Shoppe.
  8979 | D:8      | Reached skill level 10 in Spellcasting
  8997 | D:8      | Found Nuhinlaox's Gadget Shoppe.
  9199 | D:8      | Learned a level 1 spell: Magic Dart
  9365 | D:8      | Found Ceigis's Jewellery Emporium.
  9398 | D:8      | Reached ***** piety under Sif Muna
  9496 | D:8      | Noticed a queen bee
  9534 | D:8      | Identified Sif Muna's Tome of Hurtful Heat (Sif Muna gifted it to you on level 8 of the Dungeon)
  9534 | D:8      | Received a gift from Sif Muna
  9545 | D:8      | Learned a level 4 spell: Sticky Flame
  9559 | D:8      | Killed a queen bee
  9739 | D:8      | Reached XP level 10. HP: 41/50 MP: 17/26
  9862 | D:8      | Learned a level 4 spell: Throw Icicle
 10140 | D:9      | Found a shattered altar of Ashenzari.
 10351 | D:9      | Learned a level 2 spell: Sublimation of Blood
 10386 | D:9      | Found a stormy altar of Qazlal.
 10545 | D:9      | Reached skill level 11 in Spellcasting
 10904 | D:9      | Noticed a fire dragon
 10938 | D:9      | Killed a fire dragon
 11258 | D:10     | Entered Level 10 of the Dungeon
 11761 | D:10     | Reached skill level 12 in Spellcasting
 12355 | D:10     | Learned a level 4 spell: Iskenderun's Mystic Blast
 12392 | D:11     | Identified Sif Muna's Grimoire of Dark Air (Sif Muna gifted it to you on level 11 of the Dungeon)
 12392 | D:11     | Received a gift from Sif Muna
 12394 | D:11     | Reached XP level 11. HP: 54/54 MP: 5/29
 12513 | D:11     | Learned a level 5 spell: Bolt of Draining
 13486 | D:11     | Noticed a hill giant
 13489 | D:11     | Killed a hill giant
 13554 | D:11     | Found a staircase to the Lair.
 13820 | D:11     | Reached skill level 13 in Spellcasting
 14227 | Lair:1   | Entered Level 1 of the Lair of Beasts
 14477 | Lair:1   | Got a scorched falchion
 14478 | Lair:1   | Lost strength.
 14478 | Lair:1   | Identified the +10 falchion of Might {freeze, rPois rN+ Str-5} (You found it on level 1 of the Lair of Beasts)
 14528 | Lair:1   | Reached skill level 15 in Conjurations
 15086 | Lair:2   | Gained mutation: You are surrounded by a mild repulsion field. (EV +2) [potion of mutation]
 15086 | Lair:2   | Gained mutation: You have a pair of small horns on your head. [potion of mutation]
 15086 | Lair:2   | Gained mutation: Your spells are a little easier to cast, but a little less powerful. [potion of mutation]
 15087 | Lair:2   | Gained mutation: You are agile. (Dex +2) [potion of mutation]
 15087 | Lair:2   | Gained mutation: Your magical capacity is low. (-10% MP) [potion of mutation]
 15087 | Lair:2   | Lost mutation: You have a pair of small horns on your head. [potion of mutation]
 15088 | Lair:2   | Gained mutation: Your magical capacity is very low. (-20% MP) [potion of mutation]
 15088 | Lair:2   | Gained mutation: You have a pair of small horns on your head. [potion of mutation]
 15088 | Lair:2   | Gained mutation: Your flesh is cold resistant. (rC+) [potion of mutation]
 15089 | Lair:2   | Lost mutation: Your spells are a little easier to cast, but a little less powerful. [potion of cure mutation]
 15089 | Lair:2   | Lost mutation: You are agile. (Dex +2) [potion of cure mutation]
 15089 | Lair:2   | Lost mutation: Your magical capacity is very low. (-20% MP) [potion of cure mutation]
 15089 | Lair:2   | Lost mutation: Your magical capacity is low. (-10% MP) [potion of cure mutation]
 15089 | Lair:2   | Lost mutation: Your flesh is cold resistant. (rC+) [potion of cure mutation]
 15090 | Lair:2   | Gained mutation: Your system is resistant to poisons. (rPois) [potion of beneficial mutation]
 15437 | Lair:2   | Found a staircase to the Swamp.
 16997 | Lair:2   | Reached skill level 14 in Spellcasting
 17001 | Lair:2   | Reached skill level 1 in Invocations
 17007 | Lair:2   | Reached XP level 12. HP: 59/59 MP: 0/32
 17459 | Lair:3   | Identified Sif Muna's Witchcraft, Part Five (Sif Muna gifted it to you on level 3 of the Lair of Beasts)
 17459 | Lair:3   | Received a gift from Sif Muna
 17463 | Lair:3   | Reached skill level 5 in Invocations
 17515 | Lair:3   | HP: 2/59 [poisoned by a redback]
 17678 | Lair:3   | Learned a level 5 spell: Dispel Undead
 18028 | Lair:3   | Found a hole to the Spider Nest.
 19013 | Lair:4   | Noticed Nergalle
 19017 | Lair:4   | Killed Nergalle
 19254 | Lair:4   | Noticed Kirke
 19410 | Lair:4   | Reached skill level 5 in Dodging
 20144 | Lair:4   | Killed Kirke
 20246 | Lair:5   | Noticed an eight-headed hydra
 20424 | Lair:5   | Found a staircase to the Slime Pits.
 20457 | Lair:5   | Reached XP level 13. HP: 63/63 MP: 9/33
 20628 | Lair:5   | Reached skill level 10 in Dodging
 21569 | Lair:6   | Entered Level 6 of the Lair of Beasts
 21573 | Lair:6   | Reached skill level 1 in Fighting
 22888 | Lair:6   | Reached skill level 5 in Fighting
 23586 | Lair:6   | Reached XP level 14. HP: 83/83 MP: 23/34
 23647 | Lair:6   | Learned a level 7 spell: Orb of Destruction
 24761 | Lair:6   | Received a gift from Sif Muna
 25271 | Spider:1 | Entered Level 1 of the Spider Nest
 25274 | Spider:1 | Reached skill level 15 in Spellcasting
 25900 | Spider:1 | Upgraded the game from 0.19-a0-1254-gb9c29c0 to 0.19-a0-1260-gc94d3f7
 26155 | Spider:1 | Learned a level 1 spell: Apportation
 26162 | Spider:1 | Learned a level 6 spell: Poison Arrow
 26169 | Spider:1 | Learned a level 6 spell: Iron Shot
 26791 | Spider:2 | Killed a ghost moth
 26791 | Spider:2 | Reached skill level 5 in Stealth
 26795 | Spider:2 | Lost mutation: You are surrounded by a mild repulsion field. (EV +2) [potion of mutation]
 26795 | Spider:2 | Gained mutation: You expend magic power (3 MP) to strengthen your wands. [potion of mutation]
 26795 | Spider:2 | Lost mutation: You expend magic power (3 MP) to strengthen your wands. [potion of mutation]
 26796 | Spider:2 | Gained mutation: You have supernaturally acute eyesight. (SInv) [potion of mutation]
 26796 | Spider:2 | Gained mutation: Your muscles are strong. (Str +2) [potion of mutation]
 26796 | Spider:2 | Gained mutation: You are partially covered in yellow scales. (AC +2) [potion of mutation]
 26803 | Spider:2 | Gained mutation: You have a beak for a mouth. [mutagenic meat]
 27192 | Spider:2 | Noticed Potsanchik's ghost (journeyman FeEn)
 27195 | Spider:2 | Killed Potsanchik's ghost
 27419 | Spider:2 | Reached XP level 15. HP: 88/88 MP: 15/36
 28057 | Spider:2 | Noticed a ghost moth
 28060 | Spider:2 | Killed a ghost moth
 28060 | Spider:2 | Reached skill level 16 in Spellcasting
 29114 | Spider:3 | Reached skill level 17 in Spellcasting
 29266 | Spider:3 | Learned a level 3 spell: Regeneration
 29331 | Spider:3 | Identified Sif Muna's Almanac of Floating Malediction (Sif Muna gifted it to you on level 3 of the Spider Nest)
 29331 | Spider:3 | Received a gift from Sif Muna
 29337 | Spider:3 | Learned a level 2 spell: Swiftness
 29886 | Spider:4 | Entered Level 4 of the Spider Nest
 30071 | Spider:4 | Reached skill level 18 in Spellcasting
 30280 | Spider:3 | Learned a level 3 spell: Regeneration
 31211 | Spider:4 | Reached XP level 16. HP: 97/97 MP: 33/40
 31315 | Spider:4 | Reached skill level 10 in Fighting
 32068 | Spider:4 | Gained mutation: Your body sometimes deteriorates upon taking damage. [mutagenic meat]
 32071 | Spider:4 | Gained mutation: You are clumsy. (Dex -2) [mutagenic meat]
 32074 | Spider:4 | Gained mutation: Your mind is acute. (Int +2) [mutagenic meat]
 32164 | Spider:4 | Got a gossamer rune of Zot
 32586 | Swamp:1  | Entered Level 1 of the Swamp
 33674 | Swamp:4  | Entered Level 4 of the Swamp
 34848 | Swamp:4  | Noticed the 27-headed Lernaean hydra
 34865 | Swamp:4  | Killed the 27-headed Lernaean hydra
 35265 | Swamp:4  | Reached XP level 17. HP: 55/109 MP: 5/41
 35470 | Swamp:4  | Got a decaying rune of Zot
 36631 | D:12     | Found a portal to a secret trove of treasure.
 36659 | Trove    | Entered a treasure trove
 36667 | Trove    | Got a crude jade amulet
 36671 | Trove    | Got a wavering pewter ring
 36690 | Trove    | Got a glittering platinum ring
 36694 | Trove    | Identified the amulet of Satyriasis {Dismiss rC+} (You found it in a treasure trove)
 36698 | Trove    | Identified the ring "Hicineku" {*Tele MR+} (You found it in a treasure trove)
 36708 | Trove    | Identified the ring "Ugayntu" {rPois rC+ MR+} (You found it in a treasure trove)
 36719 | Trove    | Identified the ring of Kindness {MR+ Str+3 Int-4 Dex+5} (You found it in a treasure trove)
 36784 | D:12     | Found a staircase to the Orcish Mines.
 36987 | D:11     | Reached skill level 1 in Necromancy
 37169 | D:5      | Bought a book of Enchantments for 550 gold pieces
 37176 | D:5      | Learned a level 6 spell: Haste
 37495 | Slime:1  | Entered Level 1 of the Pits of Slime
 38176 | Slime:1  | Reached skill level 5 in Necromancy
 38286 | Slime:2  | Reached skill level 1 in Charms
 38332 | Slime:2  | Noticed an acid blob
 38335 | Slime:2  | Killed an acid blob
 38593 | Slime:1  | Reached skill level 5 in Charms
 38792 | Slime:1  | Noticed an acid blob
 38795 | Slime:1  | Killed an acid blob
 38905 | Slime:1  | Noticed an acid blob
 38929 | Slime:1  | Killed an acid blob
 39552 | Slime:2  | Noticed an acid blob
 39636 | Slime:2  | Killed an acid blob
 39636 | Slime:2  | Reached skill level 10 in Stealth
 39673 | Slime:3  | Noticed an acid blob
 39675 | Slime:3  | Killed an acid blob
 40164 | Slime:2  | Noticed an acid blob
 40169 | Slime:2  | Killed an acid blob
 40203 | Slime:2  | Noticed an acid blob
 40206 | Slime:2  | Killed an acid blob
 40891 | Slime:4  | Reached skill level 19 in Spellcasting
 41041 | Slime:5  | Entered Level 5 of the Pits of Slime
 42302 | Slime:5  | Noticed an acid blob
 42305 | Slime:5  | Killed an acid blob
 42305 | Slime:5  | Reached skill level 20 in Spellcasting
 42305 | Slime:5  | Reached XP level 18. HP: 116/116 MP: 32/44
 43644 | Slime:5  | Reached skill level 21 in Spellcasting
 43846 | Slime:5  | Learned a level 6 spell: Deflect Missiles
 44109 | Slime:5  | Noticed the Royal Jelly
 44150 | Slime:5  | Killed the Royal Jelly
 44150 | Slime:5  | Reached skill level 22 in Spellcasting
 44401 | Slime:5  | Identified Sif Muna's Catalogue of Attacks and Fire (Sif Muna gifted it to you on level 5 of the Pits of Slime)
 44401 | Slime:5  | Received a gift from Sif Muna
 44638 | Slime:5  | Got a clouded bone ring
 44695 | Slime:5  | Identified a +3 rod of clouds (13/13) (You found it on level 5 of the Pits of Slime)
 45258 | Slime:5  | Got a slimy rune of Zot
 45285 | Slime:5  | Identified the ring "Lymmuiris" {rCorr rElec rN+ MR+ Int-4} (You found it on level 5 of the Pits of Slime)
 45324 | Slime:5  | Identified a +6 rod of inaccuracy (11/11) (You found it on level 5 of the Pits of Slime)
 46033 | D:14     | Reached skill level 23 in Spellcasting
 46088 | D:14     | Lost mutation: Your mind is acute. (Int +2) [mutagenic meat]
 46094 | D:14     | Gained mutation: Your body often deteriorates upon taking damage. [mutagenic meat]
 46122 | D:14     | Noticed Rupert
 46151 | D:14     | Killed Rupert
 46446 | D:14     | Noticed Sonja
 46450 | D:14     | Killed Sonja
 46604 | D:14     | Found a gate to the Vaults.
 46694 | D:15     | Entered Level 15 of the Dungeon
 46715 | D:14     | Gained mutation: You are very clumsy. (Dex -4) [mutagenic meat]
 47314 | D:15     | Reached XP level 19. HP: 121/121 MP: 25/48
 47967 | D:15     | Gained mutation: You are dopey. (Int -2) [potion of mutation]
 47967 | D:15     | Gained mutation: Your movements are slightly less encumbered by armour. (ER -2) [potion of mutation]
 48048 | D:15     | Reached skill level 24 in Spellcasting
 48069 | D:15     | Lost mutation: You have supernaturally acute eyesight. (SInv) [mutagenic meat]
 48072 | D:15     | Gained mutation: Scrolls take you a little longer to read. [mutagenic meat]
 48075 | D:15     | Gained mutation: Your magical capacity is low. (-10% MP) [mutagenic meat]
 48252 | D:15     | Lost mutation: You are very clumsy. (Dex -4) [mutagenic meat]
 48318 | D:15     | Found a staircase to the Depths.
 48416 | Depths:1 | Entered Level 1 of the Depths
 48828 | Depths:2 | Found Analott's Book Emporium.
 48830 | Depths:2 | Found Kum Kuod's Armour Shoppe.
 48840 | Depths:2 | Found Cyzxue's Armour Emporium.
 48921 | Depths:2 | Bought the -2 hat of the Alchemist {rElec rPois rF+ rC+ rN+ MR+ rMut rCorr} for 896 gold pieces
 49363 | Depths:2 | Lost mutation: Your magical capacity is low. (-10% MP) [mutagenic meat]
 49462 | Depths:2 | Lost mutation: You are dopey. (Int -2) [mutagenic meat]
 49468 | Depths:2 | Gained mutation: Potions and wands are less effective at restoring your health. [mutagenic meat]
 49489 | Depths:2 | Reached skill level 15 in Fighting
 49824 | Depths:4 | Found a gateway to a ziggurat.
 50352 | Depths:4 | Found a shimmering altar of Xom.
 50366 | Depths:4 | Found a one-way gate to the infinite horrors of the Abyss.
 50639 | Depths:5 | Entered Level 5 of the Depths
 50639 | Depths:5 | Found a gateway to Hell.
 51323 | Depths:5 | Noticed a juggernaut
 51336 | Depths:5 | Killed from afar by a fire giant

Vault maps used:
D:1:      evilmike_arrival_sounds_zot
D:2:      kiku_gazebo_garden_becter, grunt_ministairs_2, xom_teletrap_fun,
          uniq_crazy_yiuf_cottage
D:3:      minmay_goblin_kobold_castle, amethyst_killhole
D:4:      old_standard_altar, serial_shops,
          nicolae_shop_temple_entry_statues_fountains,
          nicolae_shop_window_shopping, shop, nicolae_shop_window_shopping,
          shop_statue, uniq_blork_the_orc
D:5:      vehumet_altar_wand_db, serial_shops, shop, shop, shop, shop_fountains,
          nicolae_shop_trees, first_bread, hangedman_abyss_or_decor_stabs
D:6:      uniq_sigmund, uniq_menkaure
D:7:      nicolae_gozag_cash_rules_everything_around_me, uniq_joseph
D:8:      eat_drink_and_be_merry_uskayaw, serial_shops, shop, shop, shop, shop,
          kennysheep_little_box, david_nohive_1
D:9:      dragon1_lemuel, lemuel_crystal_altar, basic_altar
D:10:     enter_bailey_3
D:11:     minmay_lair_entry_lava
D:12:     hiddenorc1_lemuel, nicolae_trove_entry_free_sample
D:13:     regret_index_wax_grids, minmay_more_statues, uniq_snorg, uniq_nessos
D:14:     david_vaults_3, lemuel_mausoleum_altar_yredelemnul, uniq_sonja
D:15:     grunt_enter_depths_hoard, minmay_misc_feat_room
Temple:   dpeg_chambers_temple
Lair:1:   beast_lair_carwin_9
Lair:2:   nicolae_swamp_entry_splash_gauntlet, infiniplex_staircase_pool
Lair:3:   nicolae_spider_entry_tight_spaces
Lair:4:   kennysheep_catoblepas_arena, uniq_kirke, uniq_nergalle
Lair:5:   nicolae_slime_entry_slimehenge, columned_hall_lemuel,
          grunt_megastairs_2
Lair:6:   evilmike_catoblepas_cave, serial_bayou_crossing, lemuel_fruit_fields,
          serial_bayou_shore_b
Swamp:1:  nicolae_swamp_treefoil
Swamp:2:  hangedman_swamp_pad, swamp_pool2
Swamp:3:  hangedman_swamp_ruin_wall
Swamp:4:  swamp_old_school
Spider:1: guppyfry_wasp_nest
Spider:2: nicolae_spider_circle_web, nicolae_spider_webs_and_nodes,
          nicolae_orb_island
Spider:4: grunt_spider_rune_circles
Slime:1:  nicolae_slime_phagocytosis
Depths:1: hell_entry, corexii_leaking_fountain, minmay_room_of_horrors,
          corexii_corridor_pit, roderic_nine_men_s_morris,
          dpeg_stationary_puzzle
Depths:2: minmay_spriggan_fort, minmay_fountain_box, hell_entry,
          rand_demon_pan_entry_9, minmay_shop_star, infiniplex_staircase_river,
          serial_bayou_shore_a
Depths:3: box_level_dp, hell_entry, pan_entry, uniq_nikola
Depths:4: due_chaos_kobolds, enter_ziggurat_b, serial_bayou_pond_d, abyss_entry,
          grunt_hell_entry_dis_mu, grunt_pan_entry_in_and_out,
          minmay_staircase_statues
Depths:5: grunt_zot_entry_alcove, nicolae_sextant, hell_entry
Trove:    trove_jewel_1

Skill      XL: |  1  2  3  4  5  6  7  8  9 10 11 12 13 14 15 16 17 18 19 |
---------------+----------------------------------------------------------+-----
Conjurations   | 2 3 4 5 6 7 9 12 14 16 17 18 | 18.1
Spellcasting   | 5 6 7 8 10 12 14 15 18 20 23 24 | 24.0
Shields        | 4 |  4.0
Invocations    | 1 9 |  9.0
Dodging        | 8 11 12 | 12.1
Fighting       | 7 8 9 13 14 16 | 16.0
Stealth        | 7 8 10 | 10.2
Necromancy     | 5 |  5.0
Charms         | 7 |  7.1
Summonings     | |  1.1
Translocations | |  1.1

Action                   |  1- 3 |  4- 6 |  7- 9 | 10-12 | 13-15 | 16-18 | 19-21 || total
-------------------------+-------+-------+-------+-------+-------+-------+-------++-------
Melee: Unarmed           |    10 |       |       |       |       |       |       ||    10
       Long sword        |     2 |    49 |    11 |       |    21 |       |       ||    83
       Staff             |       |       |    17 |    14 |     8 |    42 |    16 ||    97
       Headbutt          |       |       |       |     1 |     7 |     5 |     2 ||    15
       Peck              |       |       |       |       |       |     6 |     2 ||     8
 Cast: Magic Dart        |    47 |   221 |   396 |   178 |       |       |       ||   842
       Mephitic Cloud    |     1 |     3 |    24 |     8 |       |       |       ||    36
       Conjure Flame     |       |       |    23 |    20 |       |       |       ||    43
       Blink             |       |       |     6 |     9 |    24 |     6 |     4 ||    49
       Repel Missiles    |       |       |     1 |     3 |       |     1 |       ||     5
       Sticky Flame      |       |       |     3 |    20 |       |       |       ||    23
       Throw Icicle      |       |       |       |    11 |       |       |       ||    11
       Iskenderun's Myst |       |       |       |   190 |       |       |       ||   190
       Bolt of Draining  |       |       |       |    65 |   251 |   508 |   201 ||  1025
       Poison Arrow      |       |       |       |       |   130 |    51 |       ||   181
       Orb of Destructio |       |       |       |       |    24 |   100 |    18 ||   142
       Iron Shot         |       |       |       |       |     6 |    21 |     4 ||    31
       Dispel Undead     |       |       |       |       |       |    39 |    11 ||    50
       Haste             |       |       |       |       |       |     2 |       ||     2
       Regeneration      |       |       |       |       |       |     1 |       ||     1
       Deflect Missiles  |       |       |       |       |       |     2 |     1 ||     3
Invok: Divine Energy     |       |       |     1 |       |       |       |       ||     1
       Forget Spell      |       |       |       |     1 |     2 |     1 |       ||     4
       Channel Magic     |       |       |       |     1 |     4 |     7 |     3 ||    15
Evoke: Wand              |     1 |       |    16 |       |       |     2 |       ||    19
  Use: Scroll            |       |    11 |    10 |     9 |    16 |    10 |       ||    56
       Potion            |       |     2 |     3 |    10 |     3 |     2 |     2 ||    22
 Stab: Paralysed         |     9 |       |       |       |       |       |       ||     9
  Eat: Chunk             |       |    13 |    14 |    31 |    28 |    29 |    30 ||   145
       Fruit             |       |       |       |     2 |       |     1 |       ||     3
       Royal jelly       |       |       |       |       |     1 |       |       ||     1
       Bread ration      |       |       |       |       |     2 |     1 |       ||     3
       Meat ration       |       |       |       |       |     2 |     8 |       ||    10
Armor: Robe              |     1 |    29 |    42 |    17 |    31 |    23 |    17 ||   160
       Skin              |       |       |     8 |     1 |       |       |       ||     9
Dodge: Dodged            |     2 |    60 |    70 |    64 |   105 |    86 |    52 ||   439
       Deflected         |       |       |     2 |     4 |     1 |    20 |    21 ||    48
Block: Buckler           |       |       |    54 |    79 |    70 |    72 |    57 ||   332
       Reflection        |       |       |     5 |    15 |       |     4 |     8 ||    32
